 Dungeon Crawl Stone Soup version 0.23.2-1-ga50397a (webtiles) character file.

Game seed: 4999707578108442314

128 wilfster70 the Ruffian (level 4, -1/45 HPs)
             Began as a Troll Monk on May 23, 2019.
             Slain by Natasha (3 damage)
             ... on level 2 of the Dungeon.
             The game lasted 00:03:04 (912 turns).

wilfster70 the Ruffian (Troll Monk)                  Turns: 912, Time: 00:03:05

Health: -1/45      AC:  6    Str: 20    XL:     4   Next: 87%
Magic:  3/3        EV: 11    Int:  6    God:
Gold:   87         SH:  0    Dex: 12    Spells: 3/3 levels left

rFire    . . .     SeeInvis .     - Unarmed
rCold    . . .     Gourm    +   (no shield)
rNeg     . . .     Faith    .   a - +0 robe
rPois    .         Spirit   .   (helmet restricted)
rElec    .         Reflect  .   (no cloak)
rCorr    .         Harm     .   (gloves unavailable)
MR       .....                  (boots unavailable)
Stlth    ++........             (no amulet)
HPRegen  0.55/turn              (no ring)
MPRegen  0.08/turn              (no ring)

@: slowed, very slow
A: large, unfitting armour, claws 3, fast metabolism 3, gourmand, regeneration
1, shaggy fur 1, tough skin 3
a: no special abilities


You were on level 2 of the Dungeon.
You were completely stuffed.

You visited 1 branch of the dungeon, and saw 2 of its levels.

You collected 87 gold pieces.

Inventory:

Missiles
 c - 27 stones (quivered)
Armour
 a - a +0 robe (worn)
Jewellery
 g - an uncursed ring of fire
 k - an uncursed amulet of rage {unknown}
Scrolls
 e - 2 scrolls of teleportation {unknown}
 f - a scroll of immolation {unknown}
 i - a scroll of enchant weapon {unknown}
 j - 2 scrolls of remove curse {unknown}
 l - a scroll of magic mapping {unknown}
Potions
 d - a potion of agility {unknown}
 h - a potion of flight {unknown}
Comestibles
 b - 4 rations
 m - a chunk of flesh


   Skills:
 + Level 3.1 Fighting
 + Level 3.1 Dodging
 - Level 1.0 Stealth
 * Level 4.5 Unarmed Combat


You had 3 spell levels left.
You didn't know any spells.
Your spell library was empty.

Dungeon Overview and Level Annotations

Branches:
Dungeon (2/15)

Altars:

Annotations:
D:2 Natasha


Innate Abilities, Weirdness & Mutations

You are too large for most types of armour.
You have claws for hands.
Your metabolism is lightning-fast.
You like to eat raw meat.
Your natural rate of healing is unusually fast.
You are covered in fur. (AC +1)
You have extremely tough skin. (AC +3)


Message History

Natasha completely misses you. The shadow imp gestures at you.
You barely resist. The crimson imp barely misses you.
You closely miss Natasha.
Natasha is heavily wounded.
Natasha closely misses you. The shadow imp barely misses you.
The crimson imp closely misses you.
You scratch Natasha.
Natasha is severely wounded.
Natasha stares at you and mumbles some strange words.
The magic dart hits you! The shadow imp misses you.
The crimson imp barely misses you. Natasha claws you!
* * * LOW HITPOINT WARNING * * *
The shadow imp closely misses you.
You scratch Natasha.
Natasha is almost dead.
The crimson imp hits you.
* * * LOW HITPOINT WARNING * * *
Natasha claws you.
You die...

..5 r.... ... ....# ... ...##
..%### #..## .....########..###
....5##..5..rl..r#
..............##l# ##
###.##........##h## ####.
#........5..##@5# ######....
##..........###5######.........
#............#..##....#####...
#..........#.......#### #...
#...####.####.#.###########...
#...>.........................
#...####.....##....#########..
#...#....#.#####.#.## #... ##
#.####.# #.#..#### #...


You could see Natasha, a crimson imp, a shadow imp, a frilled lizard and a rat.

Vanquished Creatures
  A phantom (D:2)
  A worm (D:2)
  3 dart slugs (D:1)
  A leopard gecko (D:1)
  5 giant cockroaches
  3 goblins (D:1)
  5 hobgoblins (D:1)
  2 kobolds
  A quokka (D:2)
  7 bats
  3 rats (D:1)
32 creatures vanquished.

Notes
Turn   | Place    | Note
-------+----------+-------------------------------------------
     0 | D:1      | wilfster70 the Troll Monk began the quest for the Orb.
     0 | D:1      | Reached XP level 1. HP: 22/22 MP: 0/0
   193 | D:1      | Reached XP level 2. HP: 29/29 MP: 1/1
   449 | D:1      | Reached XP level 3. HP: 33/36 MP: 2/2
   715 | D:2      | Noticed a phantom
   735 | D:2      | Killed a phantom
   735 | D:2      | Reached skill level 4 in Unarmed Combat
   735 | D:2      | Reached XP level 4. HP: 24/45 MP: 3/3
   885 | D:2      | Noticed Natasha
   912 | D:2      | HP: 2/45 [crimson imp[Natasha] (4)]
   912 | D:2      | Slain by Natasha

Skill      XL: |  1  2  3 |
---------------+----------+-----
Fighting       | 3 |  3.1
Dodging        | 3 |  3.1
Unarmed Combat | 4 |  4.5
Stealth        | |  1.0

Action                   |  1- 3 |  4- 6 || total
-------------------------+-------+-------++-------
Melee: Unarmed           |    74 |    25 ||    99
       Punch             |     1 |       ||     1
  Use: Scroll            |     1 |       ||     1
 Stab: Sleeping          |     2 |       ||     2
  Eat: Chunk             |    12 |     2 ||    14
Armor: Robe              |    45 |    10 ||    55
Dodge: Dodged            |    45 |    24 ||    69
